 Dungeon Crawl Stone Soup version 0.27.1-15-g792fb953b9 (webtiles) character file.

Game seed: 5898216400553189059

11 croobank the Gusty (level 2, -1/19 HPs)
             Began as a Barachi Air Elementalist on Nov 18, 2021.
             Slain by a kobold (2 damage)
             ... on level 1 of the Dungeon.
             The game lasted 00:04:55 (593 turns).

croobank the Gusty (Barachi Air Elementalist)        Turns: 593, Time: 00:04:56

Health: -1/19      AC:  2    Str:  9    XL:     2   Next: 25%
Magic:  1/5        EV: 12    Int: 15    God:
Gold:   7          SH:  0    Dex: 12    Spells: 4/5 levels left

rFire    . . .     SeeInvis .   (no weapon)
rCold    . . .     Faith    .   (no shield)
rNeg     . . .     Spirit   .   a - +0 robe
rPois    .         Reflect  .   (no helmet)
rElec    .         Harm     .   (no cloak)
rCorr    .         Rampage  .   (no gloves)
Will     .....                  (no boots)
Stlth    ++........             (no amulet)
HPRegen  0.06/turn              (no ring)
MPRegen  0.09/turn              (no ring)

@: unable to hop, slow
A: amphibious, slowness 1, strong legs 1, +LOS
a: Hop


You were on level 1 of the Dungeon.
You visited 1 branch of the dungeon, and saw 1 of its levels.

You collected 7 gold pieces.

Inventory:

Armour
 a - a +0 robe (worn)
 b - a +0 leather armour


   Skills:
 + Level 0.2 Fighting
 + Level 2.5 Dodging
 + Level 1.8 Stealth
 + Level 0.2 Unarmed Combat
 + Level 2.2 Spellcasting
 + Level 1.1 Conjurations
 + Level 3.6 Air Magic


You had 4 spell levels left.
You knew the following spells:

 Your Spells              Type           Power      Damage    Failure   Level
a - Shock                 Conj/Air       32%        1d5       9%          1

Your spell library contained the following spells:

 Spells                   Type           Power      Damage    Failure   Level
 Static Discharge         Conj/Air       8%         N/A       12%         2
 Swiftness                Air            12%        N/A       14%         3
 Airstrike                Air            6%         N/A       43%         4


Dungeon Overview and Level Annotations

Branches:
Dungeon (1/15)

Altars:


Innate Abilities, Weirdness & Mutations

You are amphibious.
You cover ground slowly.
You can hop short distances.
You have an extended range of vision and can be seen from far away.


Message History

Aim: a bat (52% to hit)
The zap hits the bat.
You kill the bat!
The kobold throws a stone.
The stone hits you.
* * * LOW HITPOINT WARNING * * *
Okay, then.
The kobold throws a stone.
The stone misses you. The giant cockroach barely misses you.
You hit the giant cockroach but do no damage.
The giant cockroach misses you.
You hit the giant cockroach.
The giant cockroach is moderately wounded.
The giant cockroach barely misses you.
You hit the giant cockroach but do no damage.
Your punch misses the giant cockroach.
The giant cockroach is moderately wounded.
The kobold throws a stone.
The stone barely misses you.
The giant cockroach bites you but does no damage.
You closely miss the giant cockroach.
The giant cockroach is moderately wounded.
The giant cockroach barely misses you.
The kobold throws a stone.
The stone closely misses you. The giant cockroach barely misses you.
You hit the giant cockroach but do no damage.
The giant cockroach is moderately wounded.
The giant cockroach bites you but does no damage.
You barely miss the kobold.
The kobold is heavily wounded.
The giant cockroach bites you but does no damage.
The kobold hits you with a +0 dagger.
* * * LOW HITPOINT WARNING * * *
You closely miss the kobold.
The kobold is heavily wounded.
The giant cockroach barely misses you. The kobold completely misses you.
The giant cockroach barely misses you.
You closely miss the kobold.
The kobold is heavily wounded.
The giant cockroach bites you.
* * * LOW HITPOINT WARNING * * *
The kobold hits you with a +0 dagger.
You die...

#. ... ..#..# ##.#####
..# ..#..# #..(.... ..#
#.#..#### #......##..#
#.#......
#..........####.#......
#............##.#......
#............##.#..####
#............##.#..# #
###...@B.....##....# #
#....K.....##.#..# #
#...........#.#..####
##........#...#......
#..........#..#......
#.............#......
#.............#..###.
#..[..........#..# #.
#.........##..#..# #.


You could see a giant cockroach and a kobold.

Vanquished Creatures
  2 dart slugs (D:1)
  2 hobgoblins (D:1)
  A quokka (D:1)
  A bat (D:1)
  A frilled lizard (D:1)
7 creatures vanquished.

Notes
Turn   | Place    | Note
-------+----------+-------------------------------------------
     0 | D:1      | croobank the Barachi Air Elementalist began the quest for
                  | the Orb.
     0 | D:1      | Reached XP level 1. HP: 13/13 MP: 3/3
   449 | D:1      | Reached XP level 2. HP: 14/19 MP: 1/5
   593 | D:1      | Slain by a kobold

Illustrated notes

Levels and vault maps discovered:
D:1:      dpeg_arrival_boxorama, layout_rooms, chequers_ecumenical_altar_simple,
          serial_park_tiny_2, minmay_close_crescents

Action                   || total
-------------------------++-------
Melee: Unarmed           ||    36
 Cast: Shock             ||    17
 Abil: Hop               ||     2
Armor: Robe              ||    10
Dodge: Dodged            ||    39
